 Dungeon Crawl Stone Soup version 0.28-a0-1389-gc726bef33b (webtiles) character file.

Game seed: 7523192247405647840

6094 Grim the Spear-Bearer (level 11, -7/82 HPs)
             Began as a Formicid Fighter on Jan 3, 2022.
             Was a Believer of Zin.
             Mangled by a two-headed ogre (25 damage)
             ... on level 10 of the Dungeon.
             The game lasted 00:19:46 (14313 turns).

Grim the Spear-Bearer (Formicid Fighter)           Turns: 14313, Time: 00:19:46

Health: -7/82      AC: 10    Str: 22    XL:     11   Next: 12%
Magic:  16/16      EV:  9    Int: 11    God:    Zin [**....]
Gold:   207        SH:  6    Dex: 10    Spells: 10/10 levels left

rFire   + . .      SeeInvis +   a - +0 trident
rCold   + + .      Faith    .   y - +2 buckler
rNeg    . . .      Spirit   .   o - +0 ice dragon scales
rPois   .          Reflect  .   (helmet unavailable)
rElec   .          Harm     .   (no cloak)
rCorr   .          Rampage  .   (no gloves)
Will    +....                   (no boots)
Stlth   ..........              (no amulet)
HPRegen 0.23/turn               p - ring of protection from fire
MPRegen 0.15/turn               B - ring of protection from fire

@: no status effects
A: permanent stasis, dig shafts and tunnels, antennae 3, four strong arms
a: Dig, Shaft Self, Renounce Religion, Recite, Vitalisation, Donate Gold


You were on level 10 of the Dungeon.
You worshipped Zin.
Zin was pleased with you.
You visited 2 branches of the dungeon, and saw 11 of its levels.

You collected 395 gold pieces.
You donated 188 gold pieces to Zin.

Inventory:

Hand Weapons
 a - a +0 trident (weapon)
Missiles
 C - a curare-tipped dart
 D - 34 poisoned darts (quivered)
Armour
 b - a +0 scale mail
 c - a +0 buckler
 o - +0 ice dragon scales (worn)
 y - a +2 buckler (worn)
Jewellery
 f - a +6 ring of dexterity
 p - a ring of protection from fire (left hand)
 B - a ring of protection from fire (right hand)
 G - a +6 ring of dexterity
Wands
 d - a wand of digging (6)
 r - a wand of acid (6)
Scrolls
 e - a scroll of summoning
 h - 3 scrolls of holy word {unknown}
 i - 2 scrolls of enchant weapon {unknown}
 j - a scroll of blinking {unknown}
 k - 2 scrolls of enchant armour {unknown}
 n - 3 scrolls of teleportation {unknown}
 q - 2 scrolls of fog {unknown}
 s - 2 scrolls of vulnerability {unknown}
 u - a scroll of amnesia
 v - a scroll of noise {unknown}
 x - a scroll of magic mapping {unknown}
 F - a scroll of silence {unknown}
Potions
 g - 2 potions of degeneration {!q}
 l - 2 potions of resistance
 m - a potion of attraction
 t - 2 potions of curing
 w - a potion of flight
 z - a potion of magic
 A - a potion of cancellation
 E - a potion of experience {unknown}


   Skills:
 * Level 6.3 Fighting
 - Level 14.0 Polearms
 - Level 3.2 Armour
 - Level 3.6 Shields
 + Level 7.1 Invocations


You had 10 spell levels left.
You didn't know any spells.
Your spell library contained the following spells:

 Spells                   Type           Power      Damage    Failure   Level
 Animate Skeleton         Necr           0%         N/A       75%         1
 Apportation              Tloc           0%         N/A       75%         1
 Pain                     Necr           0%         1d4       75%         1
 Sandblast                Erth           0%         2d4       75%         1
 Call Imp                 Summ           0%         N/A       86%         2
 Passwall                 Tmut/Erth      0%         N/A       86%         2
 Lesser Beckoning         Tloc           0%         N/A       98%         3
 Stone Arrow              Conj/Erth      0%         3d7       98%         3
 Tukima's Dance           Hex            0%         N/A       98%         3
 Vampiric Draining        Necr           0%         2d6       98%         3
 Passage of Golubria      Tloc           0%         N/A       100%        4
 Manifold Assault         Tloc           0%         N/A       100%        5
 Yara's Violent Unravell  Hex/Tmut       0%         3d3       100%        5
 Blink                    Tloc           Unusable   N/A       N/A         2

Dungeon Overview and Level Annotations

Branches:
Dungeon (10/15)            Temple (1/1) D:7
   Lair: D:8-11         Orc: D:9-12

Altars:
Ashenzari
Cheibriados
Dithmenos
Elyvilon
Fedhas
Gozag
Hepliaklqana
Kikubaaqudgha
Makhleb
Nemelex Xobeh
Okawaru
Qazlal
Ru
Sif Muna
Trog
Uskayaw
Vehumet
Wu Jian
Xom
Yredelemnul
Zin
The Shining One

Shops:
D:2 =

Annotations:
D:5 3 runed translucent doors, UristMcRaven's ghost, novice DsTm
D:8 3 runed translucent doors, anet's ghost, novice HOCj


Innate Abilities, Weirdness & Mutations

You cannot be hasted, slowed, berserked, paralysed or teleported.
You can dig through walls and to a lower floor.
You have a pair of large antennae on your head. (SInv)
Your four strong arms can wield two-handed weapons with a shield.


Message History

You are not zealous enough to affect this audience!
You hit the two-headed ogre.
The two-headed ogre is lightly wounded.
The two-headed ogre closely misses you.
The two-headed ogre hits you with a +0 giant spiked club!!
You hit the two-headed ogre.
The two-headed ogre is lightly wounded.
You barely miss the two-headed ogre.
The two-headed ogre is lightly wounded.
The two-headed ogre looks more healthy.
You hit the two-headed ogre but do no damage.
The two-headed ogre is lightly wounded.
The two-headed ogre hits you with a +0 giant club.
The two-headed ogre hits you with a +0 giant spiked club!
You hit the two-headed ogre.
The two-headed ogre is moderately wounded.
You hit the two-headed ogre.
The two-headed ogre is moderately wounded.
You block the two-headed ogre's attack.
The two-headed ogre hits you with a +0 giant spiked club!!
* * * LOW HITPOINT WARNING * * *
You hit the two-headed ogre.
The two-headed ogre is heavily wounded.
You puncture the two-headed ogre!
The two-headed ogre is severely wounded.
The two-headed ogre hits you with a +0 giant club.
* * * LOW HITPOINT WARNING * * *
The two-headed ogre closely misses you.
You hit the two-headed ogre but do no damage.
The two-headed ogre is severely wounded.
You hit the two-headed ogre but do no damage.
The two-headed ogre is severely wounded.
The two-headed ogre closely misses you.
The two-headed ogre completely misses you.
You hit the two-headed ogre.
The two-headed ogre is severely wounded.
You hit the two-headed ogre.
The two-headed ogre is severely wounded.
The two-headed ogre hits you with a +0 giant club!!
You die...

#...............
##......<........
#................
##................
#.................
##.............(...
#..................
##..................
#..@...............#
#.O#...............#
#..#........(.....##
#.(#................
#.(#.............###
#..##.......######
#.. #...####..## ...
#######....##
##......##


You could see a two-headed ogre.

Vanquished Creatures
  A slime creature (D:9)
  A hornet (D:8)
  Prince Ribbit (D:7)
  A shadow (D:9)
  2 wraiths (D:9)
  9 yaks
  A wyvern (D:8)
  Edmund (D:6)
  A water moccasin (D:7)
  2 orc warriors
  4 sky beasts
  2 ice beasts
  2 ogres
  A phantom (D:4)
  A bullfrog (D:7)
  Blork the orc (D:6)
  A gnoll sergeant (D:7)
  3 kobold brigands (D:9)
  4 killer bees (D:7)
  10 wights
  A lava snake (D:9)
  5 centaur zombies
  A jelly (D:5)
  A bullfrog zombie (D:6)
  2 gnoll shamans
  6 orc priests
  2 centaur skeletons
  5 hounds
  A bullfrog skeleton (D:7)
  2 iguanas (D:5)
  2 orc wizards
  A hound zombie (D:5)
  18 gnolls
  An adder (D:2)
  A white imp (D:8)
  An adder skeleton (D:4)
  A worm (D:4)
  2 dart slugs
  27 orcs
  4 endoplasms
  6 giant cockroaches
  9 hobgoblins
  9 jackals
  3 quokkas
  5 ball pythons
  A bat (D:1)
  A frilled lizard (D:2)
  6 goblins
  22 kobolds
  2 rats (D:1)
197 creatures vanquished.

Notes
Turn   | Place    | Note
-------+----------+-------------------------------------------
     0 | D:1      | Grim the Formicid Fighter began the quest for the Orb.
     0 | D:1      | Reached XP level 1. HP: 18/18 MP: 1/1
   219 | D:1      | Found a faded altar of an unknown god.
   263 | D:1      | Reached XP level 2. HP: 24/24 MP: 2/2
   358 | D:1      | Reached skill level 3 in Polearms
   473 | D:1      | Reached XP level 3. HP: 29/29 MP: 3/3
  1202 | D:2      | Found Maquf's Jewellery Boutique.
  1305 | D:2      | Found a stormy altar of Qazlal.
  1628 | D:2      | Reached skill level 4 in Polearms
  1628 | D:2      | Reached XP level 4. HP: 20/35 MP: 4/4
  2268 | D:3      | You fall into a shaft and drop 1 floor!
  2817 | D:4      | Reached XP level 5. HP: 41/41 MP: 5/5
  3345 | D:5      | Entered Level 5 of the Dungeon
  3353 | D:5      | Reached skill level 5 in Polearms
  3413 | D:5      | Found a runed translucent gate.
  3415 | D:5      | Found a runed translucent gate.
  3417 | D:5      | Found a runed translucent gate.
  3608 | D:5      | Noticed a sky beast
  3627 | D:5      | Killed a sky beast
  3628 | D:5      | Reached skill level 6 in Polearms
  3628 | D:5      | Reached XP level 6. HP: 41/47 MP: 6/6
  4297 | D:5      | Reached XP level 7. HP: 52/52 MP: 7/7
  4376 | D:4      | Reached skill level 7 in Polearms
  4460 | D:5      | Noticed a wraith
  4468 | D:5      | Noticed UristMcRaven's ghost (novice DsTm)
  4901 | D:5      | Reached skill level 8 in Polearms
  5031 | D:6      | Noticed Edmund
  5041 | D:6      | Killed Edmund
  5042 | D:6      | Reached XP level 8. HP: 41/58 MP: 8/8
  5147 | D:6      | Reached skill level 9 in Polearms
  5475 | D:6      | Got the Collected Works on the Warped Entourage
  5600 | D:6      | Noticed Blork the orc
  5610 | D:6      | Killed Blork the orc
  5765 | D:6      | Reached skill level 10 in Polearms
  6596 | D:7      | Reached XP level 9. HP: 54/64 MP: 9/9
  7135 | D:6      | Reached skill level 11 in Polearms
  7757 | D:7      | Found a staircase to the Ecumenical Temple.
  7784 | Temple   | Entered the Ecumenical Temple
  7905 | Temple   | Became a worshipper of Zin the Law-Giver
  7905 | Temple   | Reached * piety under Zin
  8040 | D:7      | Reached ** piety under Zin
  8194 | D:7      | Reached skill level 12 in Polearms
  8600 | D:7      | Noticed Prince Ribbit
  8614 | D:7      | Killed Prince Ribbit
  8615 | D:7      | Reached skill level 1 in Invocations
  8720 | D:7      | Donated 149 gold pieces to Zin
  8749 | D:8      | Identified the +0 robe "Zadin" {rF+ Str-5 Dex+2 SInv}
  8944 | D:8      | Noticed a hornet
  8967 | D:8      | Killed a hornet
  9238 | D:7      | HP: 2/49 [wight (1)]
  9533 | D:7      | Reached XP level 10. HP: 47/54 MP: 10/12
  9765 | D:8      | Reached skill level 13 in Polearms
 10284 | D:8      | Found a runed translucent gate.
 10284 | D:8      | Found a runed translucent gate.
 10285 | D:8      | Found a runed translucent gate.
 10288 | D:8      | Noticed anet's ghost (novice HOCj)
 10584 | D:9      | Found a glowing golden altar of the Shining One.
 11435 | D:9      | Reached skill level 5 in Invocations
 12271 | D:9      | Reached skill level 14 in Polearms
 13760 | D:10     | Entered Level 10 of the Dungeon
 13798 | D:10     | Reached skill level 5 in Fighting
 13883 | D:10     | Reached XP level 11. HP: 67/80 MP: 14/16
 14297 | D:10     | Noticed a two-headed ogre
 14313 | D:10     | Mangled by a two-headed ogre

Illustrated notes

Levels and vault maps discovered:
D:1:      dpeg_arrival_snail, layout_loops_corners,
          dreamdust_ecumenical_altar_statues
D:2:      layout_loops_ring, serial_shops, shop, basic_altar, minmay_hedge_maze,
          kennysheep_small_spiral, glass_columns_a
D:3:      layout_rooms, nicolae_elevator_lobby_asterisk, uniq_terence
D:4:      layout_cave_pools, gup_sewer_entry_spiral, roderic_lattice_a,
          hangedman_feature_mirror
D:5:      layout_cave_pools, gammafunk_ghost_split,
          nicolae_concentric_dashed_squares_wild, minmay_misc_feat_room
D:6:      layout_cave_pools, uniq_edmund, uniq_blork_the_orc
D:7:      layout_basic, minmay_temple_entry_statues_pillars,
          lightli_bailey_entry_fortress, uniq_prince_ribbit1
D:8:      layout_rooms, gammafunk_ghost_necromancy, minmay_tree_intersection
D:9:      layout_grid_maze, tso_metal_star, nicolae_lava_and_water
D:10:     nzn_winding_woodlands_medium [nzn_winding_woodlands_hourglass,
          nzn_winding_woodlands_5x15_jagged, nzn_winding_woodlands_5x5_cross,
          nzn_winding_woodlands_5x5_default,
          nzn_winding_woodlands_center_pierced_h,
          nzn_winding_woodlands_5x5_checkerboard,
          nzn_winding_woodlands_5x5_default, nzn_winding_woodlands_5x15_pool,
          nzn_winding_woodlands_5x5_default], layout_layer_cave, nrook_uturn,
          feat_on_display
Temple:   mainiacjoe_temple_starburst

Skill      XL: |  1  2  3  4  5  6  7  8  9 10 11 |
---------------+----------------------------------+-----
Polearms       | 3 4 6 8 10 12 14 | 14.0
Invocations    | 2 6 7 |  7.1
Fighting       | 5 6 |  6.3
Armour         | |  3.2
Shields        | |  3.6

Action                   |  1- 3 |  4- 6 |  7- 9 | 10-12 || total
-------------------------+-------+-------+-------+-------++-------
Melee: Trident           |   102 |   164 |   418 |   423 ||  1107
Throw: Dart              |       |       |       |     3 ||     3
Invok: Vitalisation      |       |       |     1 |     1 ||     2
       Donate Gold       |       |       |     1 |       ||     1
       Recite            |       |       |       |     5 ||     5
 Abil: Dig               |       |       |     2 |     2 ||     4
Evoke: Wand              |       |       |     4 |       ||     4
  Use: Potion            |       |     1 |     2 |     1 ||     4
       Scroll            |       |       |       |     9 ||     9
 Stab: Confused          |       |       |       |     3 ||     3
Armor: Scale mail        |    29 |       |       |       ||    29
       Ice dragon scales |     5 |    68 |   179 |    72 ||   324
Dodge: Dodged            |    29 |    87 |   151 |    86 ||   353
Block: Buckler           |    12 |    31 |    88 |    77 ||   208

Table legend: (Time is in decaauts)
 A = Elapsed time spent in this place.
 B = Non-inter-level travel time spent in this place.
 C = Inter-level travel time spent in this place.
 D = Time resting spent in this place.
 E = Time spent auto-exploring this place.
 F = Levels seen in this place.
 G = Mean time per level.
                   A        B        C        D        E       F      G
               +--------+--------+--------+--------+--------+-----+--------+
         Total |  14158 |  13921 |    237 |   5800 |   5824 |  11 | 1287.1 |
       Dungeon |  13984 |  13800 |    184 |   5800 |   5759 |  10 | 1398.4 |
        Temple |    174 |    121 |     53 |      0 |     65 |   1 |  174.0 |
               +--------+--------+--------+--------+--------+-----+--------+

Top non-repeatable levels by time:
     D:9: 2474 daAuts
     D:6: 2192 daAuts
     D:8: 1892 daAuts
     D:7: 1845 daAuts
     D:4: 1574 daAuts
     D:5: 1201 daAuts
     D:1: 1120 daAuts
     D:2: 1094 daAuts
    D:10: 519 daAuts
  Temple: 174 daAuts
     D:3: 68 daAuts
